[Event "Kezmarok Chess Open 2022"]
[Site "Kezmarok"]
[Date "2022.09.29"]
[Round "7.17"]
[White "Kolek, Stefan"]
[Black "Mazak, Ryan"]
[Result "0-1"]
[ECO "B01"]
[WhiteElo "1524"]
[BlackElo "1590"]
[Annotator "NA RC COMBH"]
[PlyCount "53"]
[EventDate "2022.09.24"]
[EventType "swiss"]
[EventCountry "SVK"]
[SourceTitle "playchess.com"]
[Source "ChessBase"]
[SourceQuality "1"]
[TimeControl "40/5400+30:1800+30"]

1. e4 d5 2. exd5 Nf6 3. c4 e6 4. dxe6 Bxe6 5. d3 Nc6 6. Nf3 Bb4+ 7. Nc3 Qe7 8. Be2 O-O-O 9. O-O Bxc4 10. a3 Bc5 11. Qc2 Be6 12. Bg5 h6 13. Bh4 g5 14. Bg3 g4 15. Ne5 Nd4 16. Qa4 Nd5 17. Bd1 h5 18. Nxd5 Bxd5 19. b4 b5 20. Bxg4+ hxg4 21. Qd1 Bb6 22. Qxg4+ Be6 23. Qe4 Bd5 24. Qg4+ f5 25. Qd1 Rdg8 26. Re1 Qg5 27. h4 0-1

[Event "Kezmarok Chess Open 2022"]
[Site "Kezmarok"]
[Date "2022.09.30"]
[Round "8.1"]
[White "Dubessay, Bastien"]
[Black "Demeter, Peter"]
[Result "1/2-1/2"]
[ECO "E61"]
[WhiteElo "2259"]
[BlackElo "2067"]
[Annotator "TA"]
[PlyCount "94"]
[EventDate "2022.09.24"]
[EventType "swiss"]
[EventCountry "SVK"]
[SourceTitle "playchess.com"]
[Source "ChessBase"]
[SourceQuality "1"]
[TimeControl "40/5400+30:1800+30"]

1. d4 Nf6 2. c4 g6 3. Nc3 Bg7 4. Nf3 d6 5. Bg5 h6 6. Bh4 Nbd7 7. e3 O-O 8. Be2 c6 9. Qc2 {[%emt 0:02:43] was the old line (9.0-0).} a6 {[%emt 0:06:36] was the old line (9...e5).} 10. Nd2 {[%emt 0:05:39][%cal Bf3d2,Bd2c4,Bc4b6][%mdl 32] E61: King's Indian: Early deviations for White, including Smyslov System.} Re8 11. O-O {[%emt 0:01:17] [#]} Nf8 $146 ({Predecessor:} 11... Rb8 12. b4 Nf8 13. Rad1 Bd7 14. c5 d5 15. f3 Ra8 16. e4 dxe4 17. fxe4 g5 {0-1 (42) Goecke,K (2203)-Lucas,M (2086) Werther 2013}) 12. Rad1 {[%emt 0:04:58] White is slightly better.} Qc7 13. Bg3 Qb6 14. c5 Qd8 15. Nc4 d5 16. Nb6 Bf5 {[%emt 0:01:12] Against e4} 17. Qb3 {[%emt 0:04:40] White has more active pieces. The black rooks are badly placed.} Ra7 18. f3 N8d7 19. e4 dxe4 (19... Be6 $16) 20. fxe4 $18 Be6 21. d5 cxd5 22. exd5 Bf5 23. Nca4 {[%emt 0:07:57] Threatens to win with c6.} Ne4 24. c6 (24. Nxd7 $1 $18 Qxd7 25. Bf4) 24... Nxg3 $11 25. Qxg3 {[%emt 0:00:31] aiming for c7.} Ne5 $1 (25... Nxb6 $2 26. c7 Qd6 27. Qxd6 exd6 28. Nxb6 $18) 26. Qf2 {[%emt 0:02:17][%cal Ob6d7] And now Nd7! would win.} bxc6 27. dxc6 (27. Nc4 $1 $11 {remains equal.} Qb8 28. Nxe5 Bxe5 29. dxc6) 27... Qb8 $17 28. Qc5 Rc7 (28... Be6 $17) 29. Nd5 $36 {[%emt 0:00:38][%mdl 2048] White has good play. Pair of Knights!} Rxc6 30. Nxe7+ Kh7 (30... Rxe7 $11 31. Qxe7 Bf6) 31. Nxc6 $14 Nxc6 32. Bxa6 (32. Qxc6 Rxe2 33. Qf3 (33. Qxa6 Rc2 $17) 33... Qe8 $11) 32... Ne5 33. h3 {[%emt 0:01:41] Against Ng4. White wants to play b3.} (33. Rxf5 $5 gxf5 34. Kh1 $16) 33... h5 (33... Re6 $1 $11 34. Be2 Rc6) 34. b3 Qa8 {[%emt 0:02:23] [#]} 35. Rxf5 $1 gxf5 36. Bd3 Kg8 (36... Nxd3 $142 37. Qxf5+ Kg8 38. Qxd3 Qa5) 37. Bxf5 $16 Qb8 38. Nc3 $2 (38. Kh1 $16) 38... Nf3+ $1 $11 39. Kf2 (39. Kf1 $2 Bd4 $1 40. Qxd4 Nxd4 $19) 39... h4 $2 40. Qd6 $2 (40. gxf3 Qh2+ 41. Kf1 Qh1+ 42. Qg1 Qxf3+ 43. Qf2 Qh1+ 44. Qg1 Qf3+ 45. Qf2 Qh1+ 46. Qg1 Qf3+ $11) (40. Ne2 $18 Bf8 41. Qc2) 40... Qa7+ 41. Kxf3 Qe3+ (41... Bxc3 $2 42. Be4 $18 (42. Qh6 Bg7 $14)) 42. Kg4 {[%emt 0:00:00] Rd3 is the strong threat.} Be5 $2 (42... Bxc3 $11 43. Rd3 Qe2+ 44. Kg5 (44. Kxh4 Be5 $11) 44... Qxg2+ 45. Kxh4 Be5) 43. Qd7 $2 {[%emt 0:00:00] [#]} (43. Qd2 $16 Qg3+ 44. Kh5 Bxc3 45. Qh6) 43... Kg7 $1 {[%emt 0:03:57] ( -> ...Qg3+)} 44. Bh7 (44. Qxf7+ Kxf7) 44... Qf4+ $2 ({Weaker is} 44... Bxc3 45. Qd3 Qe5 46. Qf3 $17 (46. Bf5 Rb8 $17)) ({And not} 44... Rh8 45. Nd5 Qg3+ 46. Kf5 Rxh7 47. Ke4 Qxg2+ 48. Ke3 $11) (44... Rg8 $19 45. Qxf7+ Kxf7+ 46. Bxg8+ Kg6 47. Bh7+ Kxh7) 45. Kh5 {[%emt 0:00:00] Black must now prevent Rf1.} Qh6+ 46. Kg4 {[%emt 0:00:00] Strongly threatening Rf1.} Rh8 $2 (46... Qf4+ $11 {and Black is okay.} 47. Kh5 Kxh7 48. Qxe8 Qh6+ 49. Kg4 Qf4+ 50. Kh5 Qh6+ 51. Kg4 Qf4+ 52. Kh5) 47. Rf1 $18 Qe3 $2 {[%mdl 32768] What a fight!  Weighted Error Value: White=0.56/Black=0.45. An unexpected result.} (47... Qe6+ $18 48. Qxe6 fxe6) 1/2-1/2

[Event "Kezmarok Chess Open 2022"]
[Site "Kezmarok"]
[Date "2022.09.30"]
[Round "8.3"]
[White "Hagarova, Zuzana"]
[Black "Bazakutsa, Svyatoslav"]
[Result "1/2-1/2"]
[ECO "B13"]
[WhiteElo "2287"]
[BlackElo "2182"]
[Annotator "TA"]
[PlyCount "87"]
[EventDate "2022.09.24"]
[EventType "swiss"]
[EventCountry "SVK"]
[SourceTitle "playchess.com"]
[Source "ChessBase"]
[SourceQuality "1"]
[TimeControl "40/5400+30:1800+30"]

1. e4 c6 2. d4 d5 3. exd5 cxd5 4. c4 Nf6 5. Nc3 Nc6 6. Nf3 g6 7. cxd5 Nxd5 8. Qb3 Nxc3 9. bxc3 Bg7 10. Be2 O-O 11. Bf4 Na5 {[%emt 0:02:53] A35: Symmetrical English: 2 Nc3 Nc6 3 Nf3.} 12. Qb4 b6 13. O-O Bb7 14. Rfe1 e6 15. Rad1 {[%emt 0:06:00] [#]} Qd5 $146 ({Predecessor:} 15... Rc8 16. Bd6 Re8 17. Bb5 Bxf3 18. gxf3 Nc6 19. Bxc6 Rxc6 20. Bg3 Qd5 21. Qa4 a5 {1-0 (56) Slisser,T (2220)-Meis,E (2117) Dieren 2002}) 16. c4 Qe4 17. Qd2 Rfd8 18. Bf1 Qc6 19. Bh6 {[%emt 0:10:52] Black must now prevent Bxg7.} Nxc4 20. Qf4 {[%emt 0:01:34] aiming for Bxg7.} Rd5 21. Bxg7 (21. Ng5 Rf5 22. Qh4 Bf6 $19) 21... Kxg7 22. Bxc4 Qxc4 23. Rc1 Qb4 {[%emt 0:00:42] Strongly threatening ...Rf5.} 24. Ne5 (24. Rc7 Rf5 25. Qd2 Qxd2 26. Nxd2 Bd5 $17) (24. Qc7 $15 Ba6 25. Ne5) 24... Qe7 25. Rc3 {[%emt 0:01:31] [#]} Rad8 (25... Rc8 $1 $17 26. Rxc8 (26. Rh3 $2 h5 $19) 26... Bxc8) 26. Rd1 $2 (26. Qc1 $1 $11 {and White has nothing to worry.}) 26... h5 27. h4 Rc8 (27... f6 $19 {has better winning chances.} 28. Nf3 R5d6) 28. Rdc1 Rdd8 29. R1c2 Rxc3 30. Rxc3 Rf8 31. g3 ({White should try} 31. Qc1 $15 Qxh4 32. Rc7 Qxd4 33. Qg5) 31... Qb4 (31... Rc8 $17 32. Rxc8 Bxc8) 32. Rc1 $15 Qb5 {[%emt 0:00:12] Inhibits Nd7.} (32... Qd6 $1 $15) 33. f3 $11 {[%emt 0:00:23] Rc7 is the strong threat.} Kg8 34. Rc7 $36 {[%emt 0:00:30][%cal Re5f7][%mdl 2048] White is more active.} Qb1+ 35. Kg2 Qxa2+ 36. Kg1 (36. Kh3 $2 Ba6 37. Rc1 Qf2 $19) 36... Qb1+ 37. Kh2 Qb2+ 38. Kh1 (38. Kh3 $2 Ba6 39. Rc1 Qf2 $19) 38... Qb1+ 39. Kh2 {[%cal Re5f7] Active counter play!} Ba6 $2 (39... Qb2+ $11 {and Black is okay.} 40. Kh1 (40. Kh3 $2 Ba6 $19) 40... Qb1+ 41. Kh2) 40. Rxf7 $2 {[%emt 0:00:41] The board is on fire.} (40. Nxf7 $18 {Threatening mate with Nh6+.} Qb2+ 41. Kg1 Qb1+ 42. Rc1 Rxf7 43. Qb8+ (43. Rxb1 Rxf4 44. gxf4 Bb7 $18) 43... Rf8 44. Qxf8+ (44. Rxb1 $2 {is the wrong capture.} Rxb8 45. Kf2 Bb7 $19) 44... Kxf8 45. Rxb1) 40... Rc8 {[%emt 0:00:09] The position is equal.} 41. Rg7+ $1 {[%emt 0:02:00][%mdl 64] [#] Decoy} Kxg7 42. Qf7+ Kh6 43. Qf4+ Kg7 {[%emt 0:00:05] ( -> ...Rc2+)} 44. Qf7+ {[%emt 0:00:06] And White is the lucky defender.  Weighted Error Value: White=0.20 (precise) /Black=0.22 (precise)} 1/2-1/2

[Event "Kezmarok Chess Open 2022"]
[Site "Kezmarok"]
[Date "2022.09.30"]
[Round "8.4"]
[White "Jablonicky, Martin"]
[Black "Striskova, Lucia"]
[Result "1-0"]
[ECO "A05"]
[WhiteElo "2344"]
[BlackElo "1866"]
[Annotator "TA"]
[PlyCount "39"]
[EventDate "2022.09.24"]
[EventType "swiss"]
[EventCountry "SVK"]
[SourceTitle "playchess.com"]
[Source "ChessBase"]
[SourceQuality "1"]
[TimeControl "40/5400+30:1800+30"]

1. Nf3 Nf6 2. b3 g6 3. Bb2 Bg7 4. g3 O-O 5. Bg2 c5 6. c4 Nc6 7. O-O e6 {[%emt 0:02:28] A30: Symmetrical English: Double Fianchetto and Hedgehog.} 8. d4 d5 9. dxc5 dxc4 {[%emt 0:00:10] [#] White is slightly better.} 10. Na3 $146 ({Predecessor:} 10. Nbd2 Qe7 11. Nxc4 Rd8 12. Qc1 Qxc5 13. Nfe5 Nxe5 14. Bxe5 Nd5 15. Bxg7 Kxg7 16. Rd1 {1-0 (78) Neef,M (2451)-Aakanksha,H (2328) Barcelona 2017}) 10... cxb3 11. axb3 Nd5 (11... Qe7 $14) 12. Bxg7 $16 Kxg7 13. Qd2 (13. Nc4 $16) 13... b6 14. Nd4 Bb7 15. Nxc6 Bxc6 16. Rfc1 {[%emt 0:00:59] Threatens to win with Qd4+.} bxc5 17. Rxc5 Rc8 18. Rac1 Qd7 19. Bxd5 {[%emt 0:02:55] White is more active.} Bxd5 $4 {[%emt 0:01:22][%mdl 8192] [#]} (19... exd5 $16 20. Nc2 Bb7) 20. Qc3+ {[%emt 0:00:10] Weighted Error Value: White=0.10 (very precise) /Black=0.50} 1-0

[Event "Kezmarok Chess Open 2022"]
[Site "Kezmarok"]
[Date "2022.09.30"]
[Round "8.5"]
[White "Wisniewski, Michal"]
[Black "Kovac, Lubomir"]
[Result "1-0"]
[ECO "A05"]
[WhiteElo "2152"]
[BlackElo "2091"]
[Annotator "TA"]
[PlyCount "63"]
[EventDate "2022.09.24"]
[EventType "swiss"]
[EventCountry "SVK"]
[SourceTitle "playchess.com"]
[Source "ChessBase"]
[SourceQuality "1"]
[TimeControl "40/5400+30:1800+30"]

1. Nf3 Nf6 2. c4 c6 3. g3 d5 4. Bg2 Bf5 5. cxd5 cxd5 6. Qb3 Qb6 7. Qxb6 axb6 8. Nc3 Nc6 9. d3 e6 10. Bf4 Be7 {A11: English Opening: 1...c6.} 11. O-O O-O 12. Nb5 {[#]} Ra5 $146 {The position is equal.} ({Predecessor:} 12... Rfc8 13. a3 Na5 14. Nfd4 Bg6 15. Bh3 Nc6 16. Rfc1 Bc5 17. Nf3 Ra5 18. Nd6 Bxd6 19. Bxd6 {½-½ (85) Shuvalov,E (2182)-Odegov,A (2286) Chess.com INT 2022}) 13. Nbd4 Bg6 (13... Bg4 $11 {keeps the balance.}) 14. a3 (14. Rfc1 $16) 14... Nxd4 15. Nxd4 Rc5 16. b4 Rc3 17. Rfc1 Rfc8 18. Nb5 Rxc1+ 19. Rxc1 Rc6 20. Na7 Rxc1+ 21. Bxc1 Nd7 22. Nc8 Kf8 23. Be3 Bd8 24. Nd6 Bc7 25. Nxb7 {White is much more active.} Nb8 26. a4 Nc6 27. b5 d4 (27... Ne7 $16 28. Bd4 f6) 28. Bd2 $18 ({Much less strong is} 28. Bxc6 $6 dxe3 29. fxe3 Ke7 $16) 28... Na7 29. Bb4+ Kg8 $2 (29... Ke8 30. Nd6+ Kd8) 30. Bd6 {White is clearly winning.} Bxd6 31. Nxd6 {[#] Strongly threatening Nc4.} Kf8 32. a5 {Weighted Error Value: White=0.08 (flawless) /Black=0.31} 1-0

[Event "Kezmarok Chess Open 2022"]
[Site "Kezmarok"]
[Date "2022.09.30"]
[Round "8.6"]
[White "Walter, Ema"]
[Black "Mirowska, Oliwia"]
[Result "1/2-1/2"]
[ECO "B03"]
[WhiteElo "2062"]
[BlackElo "1856"]
[Annotator "TA"]
[PlyCount "80"]
[EventDate "2022.09.24"]
[EventType "swiss"]
[EventCountry "SVK"]
[SourceTitle "playchess.com"]
[Source "ChessBase"]
[SourceQuality "1"]
[TimeControl "40/5400+30:1800+30"]

1. e4 Nf6 2. e5 Nd5 3. d4 d6 4. c4 Nb6 5. exd6 cxd6 6. Nf3 g6 7. Be3 Bg7 {B04: Alekhine's Defence: 4 Nf3.} 8. Qd2 Bg4 {[#]} 9. Ng1 $146 ({Predecessor:} 9. Bh6 O-O 10. Bxg7 Kxg7 11. d5 Bxf3 12. Qc3+ Kg8 13. Qxf3 e6 14. Nc3 exd5 15. cxd5 {½-½ (24) Kosteniuk,A (2452)-Yermolinsky,A (2552) Connecticut 2003}) 9... Nc6 {The position is equal.} 10. h3 Bf5 11. Nc3 h5 {Against g4} ({Black should play} 11... d5 $11) 12. Nf3 (12. d5 $5 Ne5 13. b3 $11) 12... d5 13. cxd5 Nxd5 14. Bb5 Nxe3 15. Bxc6+ bxc6 16. fxe3 Bh6 (16... c5 {feels stronger.}) 17. Qf2 $11 Qb6 18. Rd1 Rb8 19. Rd2 Qa6 20. g4 hxg4 (20... Be6 $11) 21. hxg4 $18 ({Worse is} 21. Qg3 Rxb2 22. Rxb2 gxf3 $15) 21... Bxg4 22. Qg3 (22. Ne5 $18 {and the rest is easy.} Be6 23. Qf4 $1 ) 22... Qc8 $16 23. Ne5 Bh5 24. Nxc6 {White is much more active. Pair of Knights!} Rb7 $1 $11 (24... Rxb2 $2 25. Rxb2 f6 26. Rb8 $18) 25. Ne5 (25. d5 $11) 25... Rxb2 $1 $19 26. Qf2 {[#]} (26. Nd3 $142 Rb6 27. O-O) 26... Rb1+ $3 27. Nd1 f6 (27... O-O $19 {White must now prevent ...Qc3.} 28. Rxh5 gxh5) 28. Rxh5 $1 $11 {Really sharp!} gxh5 $40 {[%mdl 128] Black has some attack.} 29. Rc2 $2 (29. Qf3 $1 $11 Kf8 30. Ng6+ Kg7 31. Nxh8) 29... Qb7 {Hoping for ...Qh1+.} 30. Qg2 {Inhibits Qh1+. White threatens Qxb7 and mate.} fxe5 31. Qxb7 Rxb7 32. Rc8+ Kf7 33. Rxh8 $17 {[%mdl 4096] Endgame KRB-KRN} Bg7 (33... Kg6 $17 {aiming for ...exd4.} 34. dxe5 h4 35. Rg8+ Bg7) 34. Rxh5 $15 exd4 35. Kd2 dxe3+ {Black is better.} 36. Kxe3 Rd7 37. Nf2 Bd4+ 38. Ke4 {[#]} Bxf2 (38... Bb6 $142 $1 39. Rh7+ Kg6) 39. Rf5+ $17 Ke6 {( -> ...Rd4+)} 40. Rxf2 Rb7 {Weighted Error Value: White=0.40/Black=0.41} 1/2-1/2

[Event "Kezmarok Chess Open 2022"]
[Site "Kezmarok"]
[Date "2022.09.30"]
[Round "8.7"]
[White "Janik, Marek Tobias"]
[Black "Rakovsky, Jakub"]
[Result "1/2-1/2"]
[ECO "C49"]
[WhiteElo "1823"]
[BlackElo "2012"]
[Annotator "TA"]
[PlyCount "34"]
[EventDate "2022.09.24"]
[EventType "swiss"]
[EventCountry "SVK"]
[SourceTitle "playchess.com"]
[Source "ChessBase"]
[SourceQuality "1"]
[TimeControl "40/5400+30:1800+30"]

1. e4 e5 2. Nf3 Nc6 3. Nc3 Nf6 4. Bb5 Bb4 5. O-O O-O 6. Bxc6 dxc6 7. d3 Qe7 {[%emt 0:02:28] The position is equal. 7...Nd7 gains popularity.} 8. Ne2 {[%emt 0:02:11] C49: Four Knights: 4 Bb5 Bb4.} Nh5 9. Ng3 {[%emt 0:05:15] [#]} Nxg3 $146 ({Predecessor:} 9... Nf4 10. c3 Bd6 11. d4 f6 12. Re1 Be6 13. Be3 Rad8 14. Qc2 Qf7 15. b3 Qg6 16. Bxf4 exf4 {0-1 (38) Rosito,J (2354)-Sorin,A (2490) Buenos Aires 2000}) 10. fxg3 Bc5+ 11. Kh1 Bg4 12. h3 Bxf3 13. Qxf3 Rad8 14. Be3 Bxe3 15. Qxe3 c5 16. Rf3 b6 17. Raf1 Rd6 {[%emt 0:02:51] Not much happened in this game.  Weighted Error Value: White=0.12 (very precise) /Black=0.07 (flawless)} 1/2-1/2

[Event "Kezmarok Chess Open 2022"]
[Site "Kezmarok"]
[Date "2022.09.30"]
[Round "8.8"]
[White "Velychko, Semen"]
[Black "Sosovickova, Jana"]
[Result "0-1"]
[ECO "C55"]
[WhiteElo "1604"]
[BlackElo "2039"]
[Annotator "TA"]
[PlyCount "126"]
[EventDate "2022.09.24"]
[EventType "swiss"]
[EventCountry "SVK"]
[SourceTitle "playchess.com"]
[Source "ChessBase"]
[SourceQuality "1"]
[TimeControl "40/5400+30:1800+30"]

1. e4 e5 2. Nf3 Nc6 3. d4 exd4 4. Bc4 Nf6 5. e5 d5 6. Bb5 Nd7 7. O-O Be7 8. Bxc6 bxc6 9. e6 fxe6 {[%emt 0:03:04] White must now prevent ...e5.} 10. Nxd4 {[%emt 0:00:16] C56: Two Knights: 4 d4 exd4 5 0-0 Nxe4.} Nb8 {[%emt 0:01:39] [#] ...0-0 is the strong threat.} 11. Qe2 $146 ({Predecessor:} 11. Qh5+ g6 12. Qe2 Bf6 13. Nxe6 Bxe6 14. Qxe6+ Qe7 15. Qc8+ Kf7 16. Qb7 Nd7 17. Qxc6 Qd6 18. Qxd6 cxd6 {½-½ (90) Safarli,E (2593)-Shankland,S (2705) Khanty-Mansiysk 2019}) 11... Qd6 {[%emt 0:35:20] Hoping for ...e5.} 12. Re1 {[%emt 0:06:20][%cal Od4f5] Black is slightly better.} O-O {[%emt 0:08:22] And now ...Bf6 would win.} (12... Bf6 $5 13. Nxe6 Bxe6 14. Qxe6+ Qxe6 15. Rxe6+ Kf7 $15) 13. Nxe6 Bxe6 14. Qxe6+ Qxe6 15. Rxe6 Bf6 16. Nc3 Kf7 17. Re2 Na6 18. Bf4 Rab8 19. Nd1 Rfe8 20. Rxe8 Rxe8 21. Kf1 {[%emt 0:03:20] Prevents Re1+.} Nb4 $1 22. Rc1 Nxa2 {[%emt 0:01:41] Black has more active pieces. The white rooks are badly placed.} 23. Ra1 Nb4 24. Rxa7 Nxc2 25. Rxc7+ {[%emt 0:00:15] [#]} Kg6 (25... Re7 $1 $17 26. Nc3 Nd4) 26. Ne3 $11 Nxe3+ 27. fxe3 {[%emt 0:00:08][%mdl 4096] Endgame KRB-KRB} Re6 28. b3 Kf5 29. Kf2 d4 (29... g5 $17 30. Bg3 h5) 30. Kf3 g5 31. e4+ $1 Kg6 32. Bc1 g4+ 33. Kxg4 Rxe4+ 34. Kf3 Re6 35. Rd7 Re1 36. Bb2 (36. Bf4 $11) 36... Re3+ $19 37. Kf2 Rxb3 38. Bxd4 {[%emt 0:01:18] aiming for Rd6.} Rd3 39. Rd6 Rxd4 40. Rxc6 {[%emt 0:00:06] KRB-KR} Rd3 41. h3 Kg5 (41... h5 $19 42. g3 Ra3) 42. Rc5+ $2 {[%emt 0:00:29] Loses the game.} (42. h4+ $17 Kg6 43. g4) 42... Kf4 43. g3+ $2 (43. Rc7) 43... Ke4 44. Rc2 Be5 {( -> ...Rf3+)} 45. Re2+ Kd4 46. Ra2 (46. g4 $19) 46... Bxg3+ 47. Kg2 Bf4 48. Ra7 Rg3+ (48... Ke4 $142 49. Re7+ Be5 50. Rxh7 Rd2+ 51. Kf1 Kf3 52. Rf7+ Bf4 53. Ke1 Rd4 54. Rf8 Rd7 55. Rf5 Re7+ 56. Kd1 Rc7 57. Rxf4+ Kxf4 58. Ke2 Rd7 59. h4 Rd6 60. h5 Ke4 61. Kf2 Rh6 62. Kg3 Rxh5 63. Kg4 Rd5 64. Kg3 Ke3 65. Kg4 Rb5 66. Kg3 Rb4 67. Kg2 Rg4+ 68. Kh3 Kf3 69. Kh2 Rh4+ 70. Kg1 Rh6 71. Kf1 Rh1#) 49. Kf2 Rxh3 50. Kg2 Rg3+ 51. Kf2 {[%emt 0:00:00] [#]} h6 $1 52. Ra5 Rg5 (52... Rc3 $142 53. Ra1 Ke4 54. Re1+ Kf5 55. Rh1 Ra3 56. Ke2 Kg4 57. Rf1 h5 58. Rg1+ Rg3 59. Ra1 h4 60. Ra8 h3 61. Rg8+ Kh5 62. Rh8+ Bh6 63. Rb8 h2 64. Rb5+ Bg5 65. Kf2 Rg1 66. Rb8 h1=Q 67. Rh8+ Bh6 68. Rxh6+ Kxh6 69. Ke3 Rg4 70. Ke2 Qh3 71. Ke1 Rg2 72. Kf1 Qh1#) 53. Ra4+ (53. Ra6 $19 Rf5 54. Kf3 Bd6+ 55. Kg4) 53... Ke5 {[%emt 0:00:00] Black mates.} 54. Kf3 Rg3+ 55. Kf2 Kf5 56. Ra8 Rb3 57. Rf8+ Kg4 58. Rg8+ Bg5 59. Ra8 Rb2+ 60. Kg1 Be3+ 61. Kf1 Kf3 62. Ra1 Rh2 63. Ke1 Rh1# {[%emt 0:00:00] Weighted Error Value: White=0.55/Black=0.24 (precise)} 0-1

[Event "Kezmarok Chess Open 2022"]
[Site "Kezmarok"]
[Date "2022.09.30"]
[Round "8.9"]
[White "Sekova, Olivia"]
[Black "Elias, David"]
[Result "0-1"]
[ECO "B27"]
[WhiteElo "1797"]
[BlackElo "1988"]
[Annotator "TA"]
[PlyCount "90"]
[EventDate "2022.09.24"]
[EventType "swiss"]
[EventCountry "SVK"]
[SourceTitle "playchess.com"]
[Source "ChessBase"]
[SourceQuality "1"]
[TimeControl "40/5400+30:1800+30"]

1. e4 c5 2. Nf3 g6 3. d4 cxd4 4. Nxd4 Bg7 5. Nc3 Nc6 6. Be3 Nf6 7. Nxc6 bxc6 8. e5 Ng8 9. Bd4 Qa5 10. f4 {[%emt 0:08:42] B34: Sicilian: Accelerated Dragon with 5 Nc3: sidelines.} Rb8 11. Qd2 c5 {[%emt 0:14:18] [#]} 12. Be3 $146 {[%emt 0:20:29] The position is equal.} ({Predecessor:} 12. Bf2 Rxb2 13. Bc4 Rb8 14. Ne4 Qxd2+ 15. Kxd2 Rb4 16. Kd3 d6 17. c3 Rb6 18. exd6 exd6 {0-1 (44) Argote Heredia,V (2163)-Ramirez,H (2115) Cartagena 2019}) 12... Nh6 13. Ne4 (13. Nd5 $5 Qxd2+ 14. Bxd2 $11 (14. Kxd2 d6 $11)) 13... Qxd2+ ({Better is} 13... Qc7 $1 $15) 14. Kxd2 $11 Rxb2 (14... d6 $1 $11) 15. Bxc5 $14 a5 ({Black should play} 15... Nf5 $14) 16. Bc4 $18 {[%emt 0:01:39] And now Rhb1 would win.} Rb7 (16... d6 {might work better.}) 17. Bd5 Rb8 (17... d6) 18. Rab1 Rxb1 19. Rxb1 Nf5 {[%emt 0:04:23] [#]} 20. Bxf7+ Kxf7 21. Ng5+ Kf8 {[%emt 0:09:26] Hoping for ...h6.} 22. Rb8 Bxe5 23. fxe5 Kg7 24. g4 Nh6 (24... d6 {is a better defense.} 25. Bb6 (25. gxf5 dxc5 26. Ne6+ Kf7 $16) 25... dxe5 26. gxf5 gxf5) 25. e6 {[%emt 0:06:58] White threatens Bd4+ and mate.} Nxg4 {[%emt 0:07:41] [#]} 26. Rxc8 $1 {[%emt 0:00:17][%mdl 576] Promotion} Rxc8 27. exd7 {[%emt 0:00:06][%mdl 4096] Endgame KRN-KBN} Ra8 28. Ne6+ Kf6 29. d8=Q Rxd8+ 30. Nxd8 {[%emt 0:00:09] Black must now prevent h3.} Nxh2 31. Nc6 a4 32. Nxe7 g5 33. Bd6 Nf3+ $2 (33... Ng4 34. Nc8 Ke6) 34. Ke3 g4 (34... Ke6 {is a better chance.}) 35. c4 Ke6 36. c5 h5 37. Kf4 (37. Nc6 $142 {Nd4+ is the strong threat.} h4 38. Kf4) 37... Nd4 $2 (37... Nd2 38. Nf5 Kd5 39. Ne3+ Kc6) 38. Ng6 $2 (38. Ke4 $18 Nb5 39. Nf5) 38... Nb5 $11 39. Nf8+ Kd5 40. Be7 a3 41. Nd7 Ke6 42. Bh4 $1 {[%emt 0:00:00] aiming for Nb8.} ({Avoid the trap} 42. Nf6 $2 Kxe7 43. Nxh5 Nc3 $19) 42... Kxd7 43. Be1 $2 (43. Kg5 $11) 43... Kc6 $19 {[%emt 0:00:00] Black is clearly winning.} 44. Kg5 Kxc5 {[%emt 0:00:00] ( -> ...Kc4)} 45. Kxh5 {[%emt 0:00:00] [#]} Kc4 $1 {[%emt 0:00:00] Never resign too early!  Weighted Error Value: White=0.66/Black=0.61} 0-1

[Event "Kezmarok Chess Open 2022"]
[Site "Kezmarok"]
[Date "2022.09.30"]
[Round "8.10"]
[White "Juracak, David"]
[Black "Bochnickova, Simona"]
[Result "0-1"]
[ECO "D37"]
[WhiteElo "1708"]
[BlackElo "1903"]
[Annotator "TA"]
[PlyCount "56"]
[EventDate "2022.09.24"]
[EventType "swiss"]
[EventCountry "SVK"]
[SourceTitle "playchess.com"]
[Source "ChessBase"]
[SourceQuality "1"]
[TimeControl "40/5400+30:1800+30"]

1. d4 d5 2. c4 e6 3. Nf3 Nf6 4. Nc3 Be7 5. e3 O-O 6. b3 a6 {[%emt 0:00:05] D37: Queen's Gambit Declined: 5 Bf4.} 7. Bb2 Nbd7 {[%emt 0:00:04][%cal Bb8d7,Bd7f6,Bf6e4][%mdl 32] [#]} 8. Rc1 $146 ({Predecessor:} 8. Bd3 b6 9. cxd5 exd5 10. Ne5 Bb7 11. O-O c5 12. Qf3 Re8 13. Rad1 cxd4 14. exd4 {0-1 (60) Smirnov,P (2544)-Andreikin,D (2725) Chess.com INT 2020}) 8... Ne4 (8... Bb4 9. a3 Bxc3+ 10. Rxc3 $14) (8... dxc4 $11 9. bxc4 c5) 9. cxd5 (9. Qc2 $14) 9... Nxc3 $1 $11 10. Bxc3 {[%emt 0:00:03] And now dxe6 would win.} exd5 11. Bd3 f5 12. O-O Nf6 13. Qc2 Ne4 14. Ne5 Be6 15. Ba5 b6 (15... Ba3 $1 $11) 16. Nc6 $16 Qe8 17. Nxe7+ Qxe7 18. Be1 c5 (18... Bd7 $142) 19. Bxe4 (19. f3 $16) 19... fxe4 20. dxc5 Qg5 {[%emt 0:01:00] aiming for ...Bh3.} 21. Kh1 ({Much worse is} 21. cxb6 $6 Bh3 22. g3 (22. f4 exf3 23. b7 Rae8 $17) 22... Bxf1 23. Kxf1 Qxe3 $15) (21. h4 {feels hotter.} Qg6 22. Bb4 a5 23. Ba3) 21... bxc5 22. Qxc5 Rf6 (22... Rfc8 $11 {keeps the balance.} 23. Qa3 Rxc1 24. Qxc1 d4) 23. Qd6 (23. Qe7 $1 $16) 23... Rg6 $14 24. Qg3 {[%emt 0:00:50][%mdl 8192] [#] This costs White the game.} (24. Rg1 $14 {is the one way to stay ahead.}) 24... Qh5 $1 $19 25. Qd6 Bg4 ({Not} 25... Bh3 $2 26. Qxg6 hxg6 27. gxh3 $19) 26. Qc5 {[%emt 0:04:13] [#]} (26. Qxg6 $19 Qxg6 27. Bc3) 26... Bf3 $1 27. Rg1 {[%emt 0:00:04] [#]} Rxg2 $1 28. Rxg2 Qg5 $1 {[%emt 0:00:11][%mdl 64] Pin.  Weighted Error Value: White=0.82/Black=0.37} 0-1